 Dungeon Crawl Stone Soup version 0.20-a0-1008-g0de3dc5 (webtiles) character file.

156199 Gorice the Spry (level 18, -36/119 HPs)
             Began as a Kobold Enchanter on Apr 11, 2017.
             Was the Champion of Okawaru.
             Killed from afar by Asterion (38 damage)
             ... with a fireball
             ... on level 4 of the Spider Nest on Apr 14, 2017.
             The game lasted 04:35:10 (45498 turns).

Gorice the Spry (Kobold Enchanter)                 Turns: 45498, Time: 04:35:11

Health: -36/119    AC: 21    Str: 16    XL:     18   Next: 29%
Magic:  28/32      EV: 30    Int: 18    God:    Okawaru [******]
Gold:   1735       SH:  0    Dex: 16    Spells: 10/38 levels left

rFire    . . .     SeeInvis .   a - +5 dagger (venom)
rCold    . . .     Gourm    .   (shield restricted)
rNeg     . . .     Faith    .   n - +2 robe {Archmagi}
rPois    +         Spirit   .   k - +4 helmet of the Salamander {rElec Str+5}
rElec    +         Reflect  .   d - +1 cloak "Pios" {rElec Slay+3}
rCorr    .         Harm     .   o - +1 pair of gloves
MR       +....                  L - +2 pair of boots {Stlth+}
Stlth    ++........             h - amulet of rage
Regen    0.3/turn               x - +5 ring of protection
MPRegen  0.3/turn               Q - ring of poison resistance

@: lethally poisoned (-36 -> -37), liquid flames, very slightly contaminated,
glowing
A: carnivore 3
a: Heroism, Finesse, Renounce Religion, Evoke Berserk Rage


You were on level 4 of the Spider Nest.
You worshipped Okawaru.
Okawaru was exalted by your worship.
You were very full.

You visited 5 branches of the dungeon, and saw 28 of its levels.
You also visited: Ice Cave.

You collected 2568 gold pieces.
You spent 833 gold pieces at shops.

Inventory:

Hand Weapons
 a - a +5 dagger of venom (weapon)
   (Okawaru gifted it to you on level 5 of the Lair of Beasts)
 b - a +6 quick blade
 B - a +0 blowgun
Missiles
 p - 9 tomahawks (quivered)
 q - 19 curare-tipped needles
 Y - 2 throwing nets
Armour
 d - the +1 cloak "Pios" (worn) {rElec Slay+3}
   (Okawaru gifted it to you on level 11 of the Dungeon)

   It affects your accuracy and damage with ranged weapons and melee attacks
   (+3).
   It insulates you from electricity.
 k - the +4 helmet of the Salamander (worn) {rElec Str+5}
   (Okawaru gifted it to you on level 13 of the Dungeon)

   It affects your strength (+5).
   It insulates you from electricity.
 l - the +2 scale mail of the Garden {+Fly}
   (Okawaru gifted it to you on level 4 of the Spider Nest)

   It lets you fly.
 n - a +2 robe of the Archmagi (worn)
   (You took it off an orc sorcerer on level 2 of the Orcish Mines)
 o - a +1 pair of gloves (worn)
 L - a +2 pair of boots of stealth (worn)
   (You found it on level 4 of the Lair of Beasts)
Jewellery
 e - an uncursed amulet of magic regeneration
 h - an amulet of rage (around neck)
 i - an uncursed ring of see invisible
 t - an uncursed ring of resist corrosion
 x - a +5 ring of protection (left hand)
 C - an uncursed ring of protection from cold
 Q - a ring of poison resistance (right hand)
 W - an uncursed ring of protection from magic
Wands
 v - a wand of acid (7/15)
 F - a wand of lightning (13/15)
 O - a wand of iceblast (8/15)
 S - a wand of clouds (7/9)
 T - a wand of enslavement (13/24)
Scrolls
 r - 3 scrolls of fog
 y - a scroll of magic mapping {!r}
 A - 6 scrolls of remove curse
 J - 3 scrolls of blinking
 K - 9 scrolls of identify
 M - 3 scrolls of teleportation {!r}
 N - 2 scrolls of fear {!r}
 R - a scroll of summoning {!r}
Potions
 c - 3 potions of cancellation {!q}
 f - a potion of lignification {!q}
 g - 4 potions of curing
 j - 3 potions of heal wounds {!q}
 s - a potion of invisibility {!q}
 u - 3 potions of brilliance {!q}
 z - 3 potions of magic {!q}
 D - 8 potions of might {!q}
 G - 3 potions of agility {!q}
 I - a potion of haste {!q}
 P - a potion of resistance {!q}
Comestibles
 w - 24 royal jellies


   Skills:
 - Level 15.0 Fighting
 - Level 10.0 Short Blades
 - Level 18.0 Dodging
 - Level 8.0 Stealth
 + Level 10.7 Spellcasting
 - Level 1.0 Conjurations
 - Level 14.0 Hexes
 - Level 5.0 Translocations
 - Level 8.0 Invocations
 + Level 11.6 Evocations


You had 10 spell levels left.
You knew the following spells:

 Your Spells              Type           Power        Failure   Level  Hunger
a - Corona                Hex            ######.      1%          1    None
b - Ensorcelled Hibernat  Hex/Ice        ######       1%          2    None
c - Confuse               Hex            ######..     1%          3    None
d - Tukima's Dance        Hex            ######..     1%          3    None
e - Dazzling Spray        Conj/Hex       ######       1%          3    None
f - Cause Fear            Hex            ######....   1%          4    ##.....
g - Fulminant Prism       Conj/Hex       ######....   3%          4    ##.....
p - Portal Projectile     Hex/Tloc       ######       1%          3    None
w - Spectral Weapon       Hex/Chrm       ######..     1%          3    None
J - Blink                 Tloc           N/A          1%          2    None


Dungeon Overview and Level Annotations

Branches:
Dungeon (15/15)            Temple (1/1) D:6            Lair (6/6) D:9
 Shoals (0/4) Lair:2       Spider (4/4) Lair:4        Slime (0/5) Lair:5
    Orc (2/2) D:10            Elf (0/3) Orc:2        Vaults (0/5) D:13
 Depths (0/5) D:15

Altars:
Ashenzari
Cheibriados
Dithmenos
Elyvilon
Fedhas
Gozag
Hepliaklqana
Kikubaaqudgha
Makhleb
Nemelex Xobeh
Okawaru
Qazlal
Ru
Sif Muna
Trog
Uskayaw
Vehumet
Wu Jian
Xom
Yredelemnul
Zin
The Shining One

Shops:
D:9 %   Orc:2 (**[

Annotations:
D:10 Snorg
D:11 vpUX: ice statue - prob loot, exclusion: ice statue
Spider:4 exclusion: Roxanne, Asterion, Roxanne


Innate Abilities, Weirdness & Mutations

You are small and have problems with some larger weapons.
You are carnivorous and can eat meat at any time.


Message History

The balrug gestures at you. The bolt of fire hits you!
* * * LOW HITPOINT WARNING * * *
The jumping spider completely misses you. x2
Damage: 18 (max 37) Unknown command.
Unknown command.
Unknown command.
Blink to where?
Press: ? - help, Dir - move target cursor, p - Asterion Really blink into a travel-excluded area?
You are very lightly contaminated with residual magic.
As you read the scroll of blinking, it crumbles to dust.
You feel sick. The balrug gestures at you. Makhleb smites you!
* * * LOW HITPOINT WARNING * * *
Damage: 18 (max 37)
You feel sick.
You feel like a meek peon again.
You feel sick.
Damage: 1 (max 1)
You feel sick.
Damage: 1 (max 1)
You feel sick.
Asterion conjures a destructive force in the name of Makhleb!
The sticky flame hits you!
You are covered in liquid flames!
* * * LOW HITPOINT WARNING * * *
Damage: 9 (max 9) Unknown command.
Really quaff
j - 4 potions of heal wounds {!q}?
You feel much better.
You are covered in liquid flames!
* * * LOW HITPOINT WARNING * * *
You feel sick.
Asterion says, "Your corpse will decorate my castle walls."
Unknown command.
You are covered in liquid flames!
* * * LOW HITPOINT WARNING * * *
Damage: 4 (max 9)
You are covered in liquid flames!
* * * LOW HITPOINT WARNING * * *
You feel sick.
Damage: 4 (max 9)
You are covered in liquid flames!
* * * LOW HITPOINT WARNING * * *
Asterion conjures a destructive force in the name of Makhleb!
The fireball explodes!
The fireball engulfs you!
You die...

######......#....#..##.^....#####
#^..^##..†..##.......#.....##..^#
#.s.^.#...^.#........#.....#....#
#§2..##....##.......###.......##
#H....#.....#.......#...........
.#.....#....^#.......#...........
.......#.....##.^....#.....##....
.......#......#.....<#......#....
.......#......##@...........#####
.......#...2.H...........####.#^.
###.......................#......
^................^.......##.....<
.^......†.......####.............
................^................
.......##..†.....................
.....###^..............≈###....##
8...## #≈...^≈.^.^≈^...≈# #......


You could see Asterion and a balrug.

Vanquished Creatures
  Frances (D:14)
  Kirke (D:14)
  Donald (Spider:3)
  A ghost moth (Spider:3)
  2 emperor scorpions
  Louise (D:15)
  2 entropy weavers (Spider:1)
  Nessos (Orc:2)
  Azrael (Orc:2)
  3 dire elephants (Lair:6)
  The ghost of mistymad the Grappler, a journeyman TrEE (D:11)
  A spark wasp (Spider:4)
  Josephine (Lair:5)
  9 hydras
  2 catoblepae
  The ghost of anet the Jinx, a journeyman DEWz of Ashenzari (D:12)
  An anaconda (Lair:6)
  5 two-headed ogres
  2 centaur warriors (D:13)
  An ogre mage (D:15)
  5 death yaks
  Urug (Lair:5)
  2 skeletal warriors (D:12)
  5 unseen horrors
  A wizard (D:14)
  Pikel (D:8)
  3 orc knights
  27 wolf spiders
  4 oklob plants
  4 orc sorcerers
  2 cyclopes
  4 manticores
  17 orb spiders
  3 deep elf magi
  9 ugly things (D:15)
  3 moths of wrath
  6 black mambas
  11 elephants
  A centaur zombie (D:15)
  A merfolk siren (Lair:2)
  Joseph (D:8)
  5 gargoyles
  14 spiny frogs
  A rime drake (Lair:4)
  10 yaktaurs
  2 kobold demonologists
  12 demonic crawlers
  A tengu conjurer (D:13)
  6 komodo dragons
  A queen bee (D:10)
  7 trolls
  36 jumping spiders
  A merfolk (Lair:2)
  A polar bear (Lair:6)
  A harpy skeleton (D:14)
  6 hornets
  12 blink frogs
  A slime creature (shapeshifter) (D:15)
  A blink frog (shapeshifter) (D:14)
  17 slime creatures
  9 hippogriffs
  5 water elementals (D:14)
  A shadow (D:14)
  53 redbacks
  21 tarantellas
  2 hogs (D:11)
  2 wyverns
  56 yaks
  4 wraiths
  A human (D:11)
  A vampire (D:10)
  3 fire elementals (Orc:2)
  3 basilisks
  2 hungry ghosts
  Grum (D:10)
  5 vampire mosquitoes (D:15)
  31 water moccasins
  3 soldier ants
  2 acid dragons
  A warg (Orc:2)
  3 hell hounds (Orc:2)
  3 sky beasts
  10 porcupines
  A swamp drake (Lair:2)
  5 black bears
  2 hornet zombies (D:14)
  12 orc warriors
  3 phantoms
  3 ice beasts
  An eye of draining (D:14)
  8 necrophages
  30 wolves
  8 ogres
  11 centaurs
  11 crocodiles
  The ghost of Dirtsage the Cudgeler, an amateur GrGl (D:3)
  5 big kobolds
  14 bullfrogs
  2 wyvern zombies
  A gnoll sergeant (D:11)
  A wyvern skeleton (D:12)
  7 scorpions
  A water moccasin skeleton (D:11)
  29 killer bees
  8 wights
  4 electric eels
  7 howler monkeys
  5 crimson imps
  2 bullfrog zombies
  A quasit (D:10)
  3 jellies
  16 orc priests
  Crazy Yiuf (D:5)
  3 hounds
  17 orc wizards
  Jessica (D:2)
  5 bullfrog skeletons
  8 centaur skeletons
  8 worker ants
  An iguana (D:11)
  A hound zombie (D:11)
  A worker ant zombie (D:11)
  A howler monkey zombie (D:5)
  8 gnolls
  2 howler monkey skeletons
  20 adders
  4 shadow imps
  3 oozes
  2 adder zombies
  3 worms (D:2)
  2 dart slugs (D:1)
  10 leopard geckos
  54 orcs
  3 ball pythons
  7 giant cockroaches
  8 goblins
  7 hobgoblins
  2 jackals (D:2)
  15 kobolds
  6 quokkas
  13 bats
  8 frilled lizards
  A leopard gecko skeleton (D:4)
  9 rats
  3 fungi
  4 plants (Lair:6)
  2 spectral weapons (Spider:2)
951 creatures vanquished.

Vanquished Creatures (collateral kills)
  The ghost of Felix the Warrior, an adept CeHu of Okawaru (Spider:1)
  An ettin (Orc:2)
  4 two-headed ogres
  A tengu warrior (D:13)
  3 orc high priests (Orc:2)
  A skeletal warrior (D:12)
  3 orc knights (Orc:2)
  An orc sorcerer (Orc:2)
  A merfolk siren (Lair:2)
  A demonic crawler (Spider:3)
  A steam dragon (D:11)
  A hell hound (Orc:2)
  10 orc warriors
  6 ogres
  8 wights
  An electric eel (Lair:2)
  5 orc priests
  6 orc wizards
  4 gnolls
  12 orcs
71 creatures vanquished.

Vanquished Creatures (others)
  4 dancing weapons
  A wolf spider (Spider:1)
  3 humans (D:14)
  A black bear (D:8)
  An orc (D:14)
  A bush (Lair:6)
  2 fulminant prisms (Lair:6)
  19 fungi
  28 plants
  7 spectral weapons
67 creatures vanquished.

Grand Total: 1089 creatures vanquished

Notes
Turn   | Place    | Note
-------+----------+-------------------------------------------
     0 | D:1      | Gorice the Kobold Enchanter began the quest for the Orb.
     0 | D:1      | Reached XP level 1. HP: 10/10 MP: 3/3
    67 | D:1      | Reached XP level 2. HP: 7/15 MP: 3/5
   401 | D:1      | Learned a level 2 spell: Ensorcelled Hibernation
   510 | D:1      | HP: 4/15 [hobgoblin (5)]
   514 | D:1      | Reached skill level 2 in Short Blades
  1045 | D:1      | Reached XP level 3. HP: 19/19 MP: 3/6
  1761 | D:1      | Reached skill level 4 in Hexes
  2067 | D:2      | --+5 ring of protection - nice!
  2216 | D:2      | Reached XP level 4. HP: 24/24 MP: 4/7
  2394 | D:2      | Learned a level 3 spell: Confuse
  2469 | D:2      | Reached skill level 3 in Short Blades
  2545 | D:2      | Noticed Jessica
  2549 | D:2      | Killed Jessica
  2615 | D:2      | Reached XP level 5. HP: 27/28 MP: 1/8
  2670 | D:2      | --+2 robe of archmagi - cheers Jess!
  3365 | D:3      | Reached skill level 5 in Hexes
  3838 | D:3      | Noticed Dirtsage's ghost (amateur GrGl)
  3904 | D:3      | Reached skill level 4 in Short Blades
  3904 | D:3      | Reached XP level 6. HP: 32/32 MP: 2/9
  4185 | D:3      | Killed Dirtsage's ghost
  4185 | D:3      | Reached skill level 6 in Hexes
  4302 | D:3      | Found a faded altar of an unknown god.
  4618 | D:4      | Reached XP level 7. HP: 36/36 MP: 5/10
  4726 | D:4      | Learned a level 3 spell: Tukima's Dance
  4856 | D:4      | Found a shimmering altar of Xom.
  4864 | D:4      | Reached skill level 5 in Short Blades
  4985 | D:4      | Reached skill level 7 in Hexes
  5244 | D:4      | Found a shattered altar of Ashenzari.
  5310 | D:4      | HP: 10/36 [poisoned by a scorpion]
  5315 | D:4      | HP: 9/36 [poisoned by a scorpion]
  5320 | D:4      | HP: 7/36 [poisoned by a scorpion]
  5327 | D:4      | HP: 6/36 [poisoned by a scorpion]
  5335 | D:4      | HP: 5/36 [poisoned by a scorpion]
  6357 | D:5      | Entered Level 5 of the Dungeon
  6479 | D:5      | Reached XP level 8. HP: 41/41 MP: 6/11
  6525 | D:5      | Found a runed door.
  6529 | D:5      | Noticed Crazy Yiuf
  6549 | D:5      | Killed Crazy Yiuf
  6549 | D:5      | Reached skill level 6 in Short Blades
  6557 | D:5      | --Sweet +2 cloak of MR - cheers Yiuf!
  6701 | D:5      | Found a burning altar of Makhleb.
  6986 | D:5      | Reached skill level 8 in Hexes
  7180 | D:6      | Found a sacrificial altar of Ru.
  7375 | D:6      | Reached skill level 7 in Short Blades
  7536 | D:6      | Found a shadowy altar of Dithmenos.
  7711 | D:6      | Reached skill level 9 in Hexes
  7755 | D:6      | Reached XP level 9. HP: 45/45 MP: 0/12
  8184 | D:6      | Found a staircase to the Ecumenical Temple.
  8190 | Temple   | Entered the Ecumenical Temple
  8384 | Temple   | Became a worshipper of Warmaster Okawaru
  8597 | D:7      | Reached skill level 8 in Short Blades
  8610 | D:7      | Reached skill level 10 in Hexes
  8804 | D:7      | Upgraded the game from 0.20-a0-993-gba41c3c to 0.20-a0-1000-g0e8f6bb
  8851 | D:7      | Learned a level 3 spell: Spectral Weapon
  8923 | D:7      | Reached * piety under Okawaru
  9217 | D:7      | Found a blossoming altar of Fedhas.
  9218 | D:7      | Found a bloodstained altar of Trog.
  9301 | D:7      | You fall through a shaft for 3 floors!
  9301 | D:10     | Entered Level 10 of the Dungeon
  9301 | D:10     | Found a staircase to the Orcish Mines.
  9504 | D:9      | Reached skill level 9 in Short Blades
  9515 | D:8      | Noticed Joseph
  9518 | D:9      | HP: 9/45 [crocodile (5)]
  9799 | D:8      | Killed Joseph
  9799 | D:8      | Reached ** piety under Okawaru
  9799 | D:8      | Reached skill level 1 in Fighting
  9888 | D:8      | Reached skill level 2 in Fighting
  9888 | D:8      | Reached skill level 11 in Hexes
  9909 | D:8      | Reached XP level 10. HP: 46/54 MP: 7/13
 10441 | D:8      | Reached skill level 3 in Fighting
 10843 | D:8      | Reached skill level 4 in Fighting
 11254 | D:8      | Noticed an unseen horror
 11285 | D:8      | Killed an unseen horror
 11285 | D:8      | Reached skill level 5 in Fighting
 11454 | D:8      | Noticed Pikel
 11463 | D:8      | Killed Pikel
 11463 | D:8      | Reached *** piety under Okawaru
 11463 | D:8      | Reached skill level 12 in Hexes
 11583 | D:7      | Found a sacrificial altar of Ru.
 11673 | D:9      | Found a staircase to the Lair.
 11675 | D:9      | Noticed an elephant
 11691 | D:8      | Reached skill level 6 in Fighting
 11807 | D:9      | Reached skill level 3 in Dodging
 11851 | D:9      | Killed an elephant
 12022 | D:9      | Found Nugaw's Food Shop.
 12087 | D:9      | Found an ornate altar of the Wu Jian Council.
 12132 | D:9      | Reached skill level 4 in Dodging
 12233 | D:9      | Reached **** piety under Okawaru
 12507 | D:9      | Reached skill level 7 in Fighting
 12655 | Lair:1   | Entered Level 1 of the Lair of Beasts
 12726 | D:10     | Reached XP level 11. HP: 67/67 MP: 14/14
 12773 | D:10     | Reached skill level 1 in Invocations
 12775 | D:10     | Reached skill level 5 in Dodging
 12904 | D:10     | Reached skill level 2 in Invocations
 13070 | D:10     | Reached skill level 6 in Dodging
 13232 | D:10     | Noticed Snorg
 13251 | D:9      | Reached skill level 8 in Fighting
 13462 | D:10     | HP: 15/68 [Snorg (21)]
 13471 | D:10     | HP: 4/68 [Snorg (13)]
 14070 | D:10     | Reached skill level 7 in Dodging
 14642 | D:10     | Reached ***** piety under Okawaru
 14791 | D:10     | Noticed Grum
 14814 | D:10     | Killed Grum
 14831 | D:10     | Reached skill level 3 in Spellcasting
 15106 | D:10     | Reached skill level 9 in Fighting
 15106 | D:10     | Reached skill level 8 in Dodging
 15668 | Lair:1   | Reached skill level 4 in Spellcasting
 15727 | Lair:1   | Noticed an oklob plant
 15736 | Lair:1   | Reached XP level 12. HP: 76/76 MP: 15/18
 15760 | Lair:1   | You fall through a shaft!
 15843 | Lair:1   | Reached skill level 9 in Dodging
 16414 | Lair:2   | Noticed an eight-headed hydra
 16429 | Lair:2   | Killed an eight-headed hydra
 16429 | Lair:2   | Reached ****** piety under Okawaru
 16429 | Lair:2   | Reached skill level 10 in Fighting
 16429 | Lair:2   | Reached skill level 5 in Spellcasting
 16603 | Lair:1   | Received a gift from Okawaru
 16606 | Lair:1   | Got a crude buckler {god gift}
 16866 | Lair:2   | Reached skill level 10 in Dodging
 17003 | Lair:2   | Found a staircase to the Shoals.
 17020 | Lair:2   | Reached skill level 6 in Spellcasting
 17253 | Lair:2   | Noticed a five-headed hydra
 17267 | Lair:2   | Killed a five-headed hydra
 17381 | Lair:2   | Reached skill level 11 in Fighting
 17805 | Lair:2   | Reached skill level 7 in Spellcasting
 18002 | Lair:2   | Reached XP level 13. HP: 80/84 MP: 20/23
 18131 | Lair:2   | Reached skill level 11 in Dodging
 18713 | Lair:3   | Found a frozen archway.
 18759 | Lair:3   | Identified the +1 buckler of Okawaru's Castigation {-Tele Dex+7} (Okawaru gifted it to you on level 1 of the Lair of Beasts)
 18765 | IceCv    | Entered an ice cave
 19993 | Lair:4   | Received a gift from Okawaru
 20112 | Lair:4   | Reached skill level 12 in Fighting
 20112 | Lair:4   | Reached skill level 8 in Spellcasting
 20462 | Lair:4   | Found a hole to the Spider Nest.
 20562 | Lair:4   | Noticed a five-headed hydra
 20586 | Lair:4   | Killed a five-headed hydra
 20607 | Lair:4   | Reached skill level 12 in Dodging
 21511 | Lair:1   | Learned a level 3 spell: Dazzling Spray
 21516 | Lair:1   | Learned a level 4 spell: Fulminant Prism
 21588 | Lair:5   | Noticed an eight-headed hydra
 21619 | Lair:5   | Killed an eight-headed hydra
 21920 | Lair:5   | Found a staircase to the Slime Pits.
 21925 | Lair:5   | Noticed Urug
 21965 | Lair:5   | Killed Urug
 22082 | Lair:5   | Reached skill level 9 in Spellcasting
 22361 | Lair:5   | Noticed a five-headed hydra
 22418 | Lair:5   | Killed a five-headed hydra
 22713 | Lair:5   | Reached skill level 13 in Fighting
 22713 | Lair:5   | Reached XP level 14. HP: 94/94 MP: 22/27
 22744 | Lair:5   | Received a gift from Okawaru
 23577 | Lair:6   | Entered Level 6 of the Lair of Beasts
 23593 | Lair:6   | Noticed Josephine
 23607 | Lair:6   | Reached skill level 13 in Dodging
 23993 | Lair:5   | Killed Josephine
 24138 | Lair:6   | Reached skill level 10 in Spellcasting
 24357 | Lair:6   | Received a gift from Okawaru
 24358 | Lair:6   | Got a warped hat {god gift}
 24370 | Lair:6   | Identified the +0 hat of Zunev {rN+ MR+ rCorr Slay+3} (Okawaru gifted it to you on level 6 of the Lair of Beasts)
 24850 | Lair:6   | Upgraded the game from 0.20-a0-1000-g0e8f6bb to 0.20-a0-1006-ge6c5631
 25419 | Lair:6   | Reached skill level 10 in Short Blades
 25560 | Lair:6   | Reached skill level 14 in Fighting
 25576 | Lair:6   | Learned a level 2 spell: Blink
 25777 | Lair:6   | Noticed a dire elephant
 25870 | Lair:6   | Noticed a dire elephant
 26045 | Lair:6   | Noticed a dire elephant
 26088 | Lair:6   | HP: 18/96 [dire elephant (13)]
 26344 | Lair:4   | Reached skill level 1 in Conjurations
 26597 | Lair:6   | Killed a dire elephant
 26661 | Lair:6   | Noticed a dire elephant
 26667 | Lair:6   | HP: 14/96 [dire elephant (28)]
 26816 | Lair:6   | Reached skill level 14 in Dodging
 27006 | Orc:1    | Entered Level 1 of the Orcish Mines
 27021 | Orc:1    | Reached skill level 3 in Invocations
 27708 | Orc:2    | Entered Level 2 of the Orcish Mines
 27759 | Orc:2    | Found a burning altar of Makhleb.
 27824 | Orc:2    | Found a staircase to the Elven Halls.
 27920 | Orc:2    | Noticed Azrael
 28180 | Orc:2    | Killed Azrael
 28180 | Orc:2    | Received a gift from Okawaru
 28207 | Orc:2    | Reached skill level 4 in Invocations
 28221 | Orc:2    | Reached XP level 15. HP: 63/101 MP: 14/29
 28546 | Orc:2    | Noticed Nessos
 28557 | Orc:2    | Killed Nessos
 28557 | Orc:2    | Received a gift from Okawaru
 28697 | Orc:2    | Found Qexaf's Armour Boutique.
 28943 | Orc:2    | Reached skill level 5 in Invocations
 28952 | Orc:2    | HP: 16/101 [orc knight/bolt (18)]
 29515 | Orc:2    | Found Bum Beys's Weapon Boutique.
 29516 | Orc:2    | Found Onyguje's General Store.
 29516 | Orc:2    | Found Utzun's Assorted Antiques.
 29603 | Orc:2    | Bought a scroll of teleportation for 48 gold pieces
 29603 | Orc:2    | Bought a potion of haste for 160 gold pieces
 29611 | Orc:2    | Bought a scroll of teleportation for 111 gold pieces
 29611 | Orc:2    | Bought a murky purple potion for 33 gold pieces
 29611 | Orc:2    | Bought a scroll of remove curse for 111 gold pieces
 29611 | Orc:2    | Bought a potion of heal wounds for 185 gold pieces
 29611 | Orc:2    | Bought a scroll labeled MOVU VAHUSOSE for 37 gold pieces
 29611 | Orc:2    | Bought a worn brass wand for 148 gold pieces
 29885 | D:11     | Received a gift from Okawaru
 29888 | D:11     | Got a faintly glowing cloak {god gift}
 29939 | D:11     | Identified the +1 cloak "Pios" {rElec Slay+3} (Okawaru gifted it to you on level 11 of the Dungeon)
 29957 | D:11     | Noticed mistymad's ghost (journeyman TrEE)
 30053 | D:11     | Killed mistymad's ghost
 30301 | D:11     | Reached skill level 6 in Invocations
 30811 | D:11     | Learned a level 3 spell: Portal Projectile
 30816 | D:11     | Learned a level 4 spell: Cause Fear
 31862 | D:12     | Reached skill level 15 in Fighting
 31876 | D:12     | Noticed anet's ghost (journeyman DEWz)
 31902 | D:12     | Killed anet's ghost
 31914 | D:12     | Reached skill level 15 in Dodging
 31914 | D:12     | Reached skill level 7 in Invocations
 32298 | D:12     | Reached skill level 5 in Stealth
 32765 | D:13     | Reached skill level 6 in Stealth
 32766 | D:13     | Found a gate to the Vaults.
 32877 | D:13     | Received a gift from Okawaru
 32878 | D:13     | Got a pitted helmet {god gift}
 33019 | D:13     | Identified the +4 helmet of the Salamander {rElec Str+5} (Okawaru gifted it to you on level 13 of the Dungeon)
 33090 | D:13     | Reached skill level 8 in Invocations
 33173 | D:13     | Reached skill level 7 in Stealth
 33207 | D:13     | Reached skill level 1 in Translocations
 33239 | D:13     | HP: 27/103 [very large slime creature (49)]
 33254 | D:13     | HP: 20/103 [large slime creature (11)]
 33576 | D:13     | Reached XP level 16. HP: 108/108 MP: 25/30
 33941 | D:13     | Reached skill level 2 in Translocations
 34125 | D:14     | Reached skill level 8 in Stealth
 34151 | D:14     | Noticed Kirke
 34156 | D:14     | Noticed Frances
 34227 | D:14     | Killed Kirke
 34227 | D:14     | Reached skill level 3 in Translocations
 34227 | D:14     | Reached skill level 1 in Evocations
 34323 | D:14     | Reached skill level 2 in Evocations
 34430 | D:14     | Upgraded the game from 0.20-a0-1006-ge6c5631 to 0.20-a0-1008-g0de3dc5
 34647 | D:14     | Killed Frances
 34647 | D:14     | Reached skill level 4 in Translocations
 34647 | D:14     | Reached skill level 3 in Evocations
 34705 | D:14     | Reached skill level 16 in Dodging
 35514 | D:15     | Entered Level 15 of the Dungeon
 35570 | D:15     | Reached skill level 4 in Evocations
 35666 | D:15     | Received a gift from Okawaru
 35873 | D:15     | Received a gift from Okawaru
 35882 | D:15     | Reached skill level 5 in Translocations
 35885 | D:15     | Reached skill level 5 in Evocations
 36143 | D:15     | Found a staircase to the Depths.
 36210 | D:15     | HP: 31/108 [yaktaur/arbalest (7)]
 36215 | D:15     | HP: 30/108 [yaktaur (2)]
 36636 | D:15     | Noticed Louise
 37078 | D:15     | Reached skill level 6 in Evocations
 37168 | D:15     | Killed Louise
 37321 | D:15     | Found a radiant altar of Vehumet.
 38105 | Lair:5   | Reached skill level 7 in Evocations
 38370 | Lair:6   | Reached XP level 17. HP: 111/113 MP: 24/31
 38725 | Spider:1 | Entered Level 1 of the Spider Nest
 38871 | Spider:1 | Reached skill level 17 in Dodging
 38889 | Spider:1 | Received a gift from Okawaru
 39516 | Spider:1 | Reached skill level 8 in Evocations
 39638 | Spider:1 | Reached skill level 13 in Hexes
 39791 | Spider:1 | Noticed Felix's ghost (adept CeHu)
 39805 | Spider:1 | HP: 16/113 [Felix's ghost (23)]
 40680 | Spider:1 | Killed Felix's ghost
 41015 | Spider:1 | Reached skill level 9 in Evocations
 42269 | Spider:3 | Received a gift from Okawaru
 42808 | Spider:3 | Noticed Donald
 42826 | Spider:3 | Killed Donald
 42826 | Spider:3 | Reached skill level 10 in Evocations
 43632 | Spider:3 | Reached skill level 18 in Dodging
 43931 | Spider:4 | Entered Level 4 of the Spider Nest
 44124 | Spider:4 | Received a gift from Okawaru
 44125 | Spider:4 | Reached skill level 14 in Hexes
 44125 | Spider:4 | Reached XP level 18. HP: 119/119 MP: 32/32
 44126 | Spider:4 | Got a heavily runed scale mail {god gift}
 44133 | Spider:3 | Identified the +2 scale mail of the Garden {+Fly} (Okawaru gifted it to you on level 4 of the Spider Nest)
 44429 | Spider:3 | Reached skill level 11 in Evocations
 44728 | Spider:4 | HP: 35/119 [demonic crawler (2)]
 44739 | Spider:3 | HP: 35/119 [tarantella (5)]
 44749 | Spider:3 | HP: 23/119 [demonic crawler (3)]
 44749 | Spider:3 | HP: 10/119 [demonic crawler (6)]
 44755 | Spider:3 | HP: 11/119 [demonic crawler (8)]
 44758 | Spider:3 | HP: 5/119 [demonic crawler (7)]
 45337 | Spider:4 | Noticed Roxanne
 45476 | Spider:4 | Noticed Asterion
 45487 | Spider:4 | HP: 30/119 [balrug/bolt of fire[Asterion] (11)]
 45488 | Spider:4 | HP: 12/119 [balrug/divine providence[Asterion] (17)]
 45493 | Spider:4 | HP: 10/119 [poisoned by Asterion]
 45494 | Spider:4 | HP: 1/119 [Asterion/sticky flame (9)]
 45498 | Spider:4 | Killed from afar by Asterion

Vault maps used:
D:1:      lightli_arrival_isolated_outpost
D:2:      first_bread, uniq_jessica
D:3:      chequers_ecumenical_altar_twisty, minivault_19,
          kennysheep_generic_room_3
D:4:      lemuel_crystal_altar, cheibrodos_ashenzari_chains
D:5:      overflow_temple_1_default, uniq_crazy_yiuf_cottage
D:6:      nicolae_dithmenos_through_a_glass_darkly, minmay_temple_entry_fiery,
          hangedman_decor_opposing, nicolae_ru_path_of_blood
D:7:      nicolae_overflow_hidden_temple
D:8:      uniq_joseph, uniq_pikel
D:9:      kennysheep_little_box, david_lair_generic, serial_shops, shop
D:10:     orc_0_dummy, uniq_grum, uniq_snorg
D:11:     grunt_livestock, minivault_16
D:13:     hangedman_vaults_entry_quadrant_bands
D:14:     kennysheep_boxes, uniq_kirke, uniq_frances
D:15:     hangedman_depths_entry_try_elsewhere_first, basic_altar, uniq_louise
Temple:   eino_narrow_crystal_temple
Lair:1:   enter_volcano_2, infiniplex_staircase_pool_2,
          minmay_lair_oklob_chamber
Lair:2:   lemuel_reptile_caves, elwin_shoals_entry_rooms, roderic_carrion_pond
Lair:3:   portal_ice_cave_entry_pillars_1
Lair:4:   nicolae_spider_entry_orb_guardian, st_stairs_12, grunt_megastairs_2
Lair:5:   slime_dummy, uniq_urug
Lair:6:   due_jungle_book, uniq_josephine
Spider:1: guppyfry_hornet_nest
Spider:2: spider_trap
Spider:3: uniq_donald
Spider:4: grunt_spider_rune_parallel, nicolae_spider_shape, uniq_asterion,
          uniq_roxanne
Orc:2:    st_orc_elflike, basic_altar, uniq_nessos, uniq_azrael
IceCv:    ice_cave_tombish

Skill      XL: |  1  2  3  4  5  6  7  8  9 10 11 12 13 14 15 16 17 18 |
---------------+-------------------------------------------------------+-----
Short Blades   | 2 3 4 5 7 9 10 | 10.0
Hexes          | 4 5 6 7 9 11 12 14 | 14.0
Fighting       | 2 7 9 11 13 14 15 | 15.0
Dodging        | 4 8 10 12 14 15 16 18 | 18.0
Invocations    | 2 4 8 |  8.0
Spellcasting   | 4 7 9 10 | 10.7
Conjurations   | 1 |  1.0
Stealth        | 7 8 |  8.0
Translocations | 1 5 |  5.0
Evocations     | 7 10 11 | 11.6

Action                   |  1- 3 |  4- 6 |  7- 9 | 10-12 | 13-15 | 16-18 || total
-------------------------+-------+-------+-------+-------+-------+-------++-------
Melee: Dagger            |   113 |   148 |   290 |   472 |  1003 |   677 ||  2703
       Unarmed           |       |       |       |       |       |     5 ||     5
       Punch             |       |       |       |       |       |     1 ||     1
       Quick blade       |       |       |       |       |       |    70 ||    70
 Cast: Corona            |    18 |     6 |     5 |     8 |     4 |       ||    41
       Ensorcelled Hiber |    18 |    43 |    45 |   188 |   282 |   312 ||   888
       Confuse           |       |     2 |    24 |    43 |   165 |    93 ||   327
       Tukima's Dance    |       |       |    17 |    16 |    66 |    20 ||   119
       Spectral Weapon   |       |       |     1 |    10 |    35 |    36 ||    82
       Fulminant Prism   |       |       |       |       |     2 |       ||     2
       Blink             |       |       |       |       |     1 |     1 ||     2
       Dazzling Spray    |       |       |       |       |     1 |       ||     1
Invok: Heroism           |       |       |       |     3 |     8 |     4 ||    15
 Abil: Evoke Berserk Rag |       |       |     1 |       |     1 |     1 ||     3
Evoke: Wand              |       |       |       |       |       |     2 ||     2
  Use: Scroll            |     6 |     5 |     9 |    11 |    10 |     7 ||    48
       Potion            |       |       |       |     2 |     2 |     7 ||    11
 Stab: Sleeping          |    18 |    38 |    38 |   126 |   170 |   214 ||   604
       Distracted        |     1 |       |       |     1 |     6 |    12 ||    20
       Confused          |       |     2 |    17 |    29 |    78 |    46 ||   172
  Eat: Chunk             |    14 |    10 |    25 |    37 |    62 |    40 ||   188
Armor: Robe              |    24 |    40 |    45 |    93 |   154 |   190 ||   546
Dodge: Dodged            |   101 |    97 |    97 |   332 |   737 |  1158 ||  2522

Table legend:
 A = Turns spent in this place as a percentage of turns spent in the entire game.
 B = Non-inter-level travel turns spent in this place as a percentage of non-inter-level travel turns spent in the entire game.
 C = Inter-level travel turns spent in this place as a percentage of turns spent in this place.
 D = Turns resting spent in this place as a percentage of non-inter-level travel turns spent in this place.
 E = Turns spent auto-exploring this place as a percentage of non-inter-level travel turns spent in this place.
 F = Non-inter-level travel turns spent in this place divided by the number of levels of this place that you've seen.
                   A       B       C       D       E      F
               +-------+-------+-------+-------+-------+----------------------
         Total | 100.0 | 100.0 |   0.5 |   4.6 |   3.7 | 556.4
       Dungeon |  49.2 |  49.2 |   0.5 |   4.4 |   4.3 | 529.1
        Temple |   0.1 |   0.1 |  14.3 |   0.0 |  66.7 |  12.0
          Lair |  28.9 |  28.9 |   0.7 |   5.0 |   3.2 | 776.7
   Spider Nest |  14.4 |  14.4 |   0.4 |   5.4 |   3.2 | 581.5
  Orcish Mines |   7.2 |   7.2 |   0.3 |   2.7 |   2.3 | 584.0
      Ice Cave |   0.2 |   0.2 |   0.0 |   0.0 |   0.0 |  34.0
               +-------+-------+-------+-------+-------+----------------------

Vault maps used:
D:1:      lightli_arrival_isolated_outpost
D:2:      first_bread, uniq_jessica
D:3:      chequers_ecumenical_altar_twisty, minivault_19,
          kennysheep_generic_room_3
D:4:      lemuel_crystal_altar, cheibrodos_ashenzari_chains
D:5:      overflow_temple_1_default, uniq_crazy_yiuf_cottage
D:6:      nicolae_dithmenos_through_a_glass_darkly, minmay_temple_entry_fiery,
          hangedman_decor_opposing, nicolae_ru_path_of_blood
D:7:      nicolae_overflow_hidden_temple
D:8:      uniq_joseph, uniq_pikel
D:9:      kennysheep_little_box, david_lair_generic, serial_shops, shop
D:10:     orc_0_dummy, uniq_grum, uniq_snorg
D:11:     grunt_livestock, minivault_16
D:13:     hangedman_vaults_entry_quadrant_bands
D:14:     kennysheep_boxes, uniq_kirke, uniq_frances
D:15:     hangedman_depths_entry_try_elsewhere_first, basic_altar, uniq_louise
Temple:   eino_narrow_crystal_temple
Lair:1:   enter_volcano_2, infiniplex_staircase_pool_2,
          minmay_lair_oklob_chamber
Lair:2:   lemuel_reptile_caves, elwin_shoals_entry_rooms, roderic_carrion_pond
Lair:3:   portal_ice_cave_entry_pillars_1
Lair:4:   nicolae_spider_entry_orb_guardian, st_stairs_12, grunt_megastairs_2
Lair:5:   slime_dummy, uniq_urug
Lair:6:   due_jungle_book, uniq_josephine
Spider:1: guppyfry_hornet_nest
Spider:2: spider_trap
Spider:3: uniq_donald
Spider:4: grunt_spider_rune_parallel, nicolae_spider_shape, uniq_asterion,
          uniq_roxanne
Orc:2:    st_orc_elflike, basic_altar, uniq_nessos, uniq_azrael
IceCv:    ice_cave_tombish
